 Dungeon Crawl Stone Soup version 0.24.0-123-gd5b16e6ec5 (webtiles) character file.

Game seed: 3987567732114958012, levelgen mode: deterministic

355 Morg0th the Sneak (level 6, -1/30 HPs)
             Began as a Spriggan Enchanter on Jan 19, 2020.
             Killed by divine providence
             ... invoked by an orc priest
              (15 damage)
             ... on level 4 of the Dungeon.
             The game lasted 00:38:18 (6574 turns).

Morg0th the Sneak (Spriggan Enchanter)              Turns: 6574, Time: 00:38:19

Health: -1/30      AC:  2    Str:  5    XL:     6   Next: 36%
Magic:  7/13       EV: 18    Int: 18    God:
Gold:   191        SH:  0    Dex: 16    Spells: 9/13 levels left

rFire    . . .     SeeInvis +   a - +1 dagger
rCold    . . .     Gourm    .   (shield restricted)
rNeg     + . .     Faith    .   h - +0 robe
rPois    .         Spirit   .   (helmet restricted)
rElec    .         Reflect  .   (no cloak)
rCorr    .         Harm     .   (gloves unavailable)
MR       +....                  (boots unavailable)
Stlth    +++.......             (no amulet)
HPRegen  0.10/turn              j - ring of positive energy
MPRegen  0.13/turn              (no ring)

@: very slightly contaminated, very quick
A: very small, unfitting armour, see invisible, herbivore, speed 3, slow
metabolism 2
a: no special abilities


You were on level 4 of the Dungeon.
You were not hungry.

You visited 1 branch of the dungeon, and saw 5 of its levels.

You collected 191 gold pieces.

Inventory:

Hand Weapons
 a - a +1 dagger (weapon)
 b - a +0 hunting sling
 g - a +0 short sword
Missiles
 l - 16 poisoned darts (quivered)
Armour
 e - a cursed +0 robe
 h - a +0 robe (worn)
Jewellery
 j - a ring of positive energy (left hand)
Wands
 k - a wand of random effects (23)
Scrolls
 f - 3 scrolls of remove curse
 i - a scroll of identify
 m - a scroll of teleportation
Potions
 c - a potion of magic
Comestibles
 d - 5 rations


   Skills:
 + Level 2.0 Fighting
 + Level 3.2 Short Blades
 + Level 1.7 Slings
 - Level 3.0 Dodging
 + Level 5.9 Stealth
 * Level 4.4 Spellcasting
 + Level 4.9 Hexes


You had 9 spell levels left.
You knew the following spells:

 Your Spells              Type           Power        Failure   Level  Hunger
a - Corona                Hex            ###....      1%          1    None
b - Confuse               Hex            ###.....     5%          3    ###....

Your spell library contained the following spells:

 Spells                   Type           Power        Failure   Level  Hunger
 Tukima's Dance           Hex            ###.....     5%          3    ###....
 Ensorcelled Hibernation  Hex/Ice        ##....       8%          2    #......
 Dazzling Spray           Conj/Hex       ##....       16%         3    ###....


Dungeon Overview and Level Annotations

Branches:
Dungeon (5/15)
 Temple: D:4-7

Altars:
Qazlal
The Shining One

Annotations:
D:3 2 transporters, MisterT's ghost, amateur MfGl


Innate Abilities, Weirdness & Mutations

You are very small and have problems with some larger weapons.
You are too small for most types of armour.
You have supernaturally acute eyesight. (SInv)
You are a herbivore.
You cover ground extremely quickly.
You need to consume almost no food.


Message History

You hit the orc priest but do no damage.
The orc priest is heavily wounded.
The orc priest completely misses you.
You barely miss the orc priest.
The orc priest is heavily wounded.
You hit the orc priest but do no damage.
The orc priest is heavily wounded.
The orc priest hits you with a +0 whip.
You hit the orc priest but do no damage.
The orc priest is heavily wounded.
The orc priest hits you with a +0 whip.
You hit the orc priest.
The orc priest is heavily wounded.
The orc priest closely misses you.
You barely miss the orc priest.
The orc priest is heavily wounded.
The orc priest calls down the wrath of Beogh upon you.
Beogh smites you!
Ouch! That really hurt!
You die...

........# ##...#........
........# #...#........
##############..#........ #...#
#..#........
#######...###..#........
#..........÷...#........
#.........####.#........
#..............o........
#.........#####@[#######
#.!.......#<.[[.>#
#.........######################
#.......................[.......
#.....≈...######################
######≈....# #..... #≈≈.≈.#
#############.#### #≈....#
#...............# #≈...##
#.###########.#.#


You could see an orc priest.

Vanquished Creatures
  An ogre (D:4)
  A howler monkey (D:3)
  2 worker ants (D:4)
  Terence (D:3)
  A hound skeleton (D:4)
  A howler monkey skeleton (D:4)
  4 adders
  2 oozes
  2 worms (D:3)
  2 dart slugs
  3 leopard geckos
  6 orcs
  9 bats
  8 giant cockroaches
  11 goblins
  8 hobgoblins
  4 jackals (D:2)
  A ball python skeleton (D:4)
  7 frilled lizards
  6 kobolds
  A quokka skeleton (D:4)
  5 rats
86 creatures vanquished.

Notes
Turn   | Place    | Note
-------+----------+-------------------------------------------
     0 | D:1      | Morg0th the Spriggan Enchanter began the quest for the Orb.
     0 | D:1      | Reached XP level 1. HP: 9/9 MP: 5/5
   240 | D:1      | Reached XP level 2. HP: 3/14 MP: 4/6
   558 | D:1      | Reached skill level 3 in Spellcasting
   702 | D:1      | You fall into a shaft and drop 1 floor!
   719 | D:2      | Reached skill level 4 in Hexes
   967 | D:1      | Reached XP level 3. HP: 17/17 MP: 6/8
   972 | D:1      | Learned a level 3 spell: Confuse
  1064 | D:5      | Entered Level 5 of the Dungeon
  1064 | D:5      | Noticed a centaur
  1239 | D:1      | You fall into a shaft and drop 1 floor!
  1481 | D:2      | Reached skill level 1 in Fighting
  1481 | D:2      | Reached skill level 2 in Short Blades
  2334 | D:4      | Reached skill level 5 in Stealth
  2334 | D:4      | Reached XP level 4. HP: 6/22 MP: 3/10
  2652 | D:3      | Noticed Terence
  2692 | D:3      | Found a transporter.
  2692 | D:3      | Found a transporter.
  2694 | D:3      | Noticed MisterT's ghost (amateur MfGl)
  4082 | D:3      | Reached XP level 5. HP: 20/25 MP: 8/11
  4482 | D:4      | You fall into a shaft and drop 1 floor!
  4664 | D:4      | Noticed an ogre
  4664 | D:4      | Noticed an ogre
  5294 | D:3      | Killed Terence
  5294 | D:3      | Reached skill level 1 in Slings
  5317 | D:4      | Reached skill level 4 in Spellcasting
  5408 | D:4      | Killed an ogre
  5408 | D:4      | Reached skill level 3 in Short Blades
  5408 | D:4      | Reached XP level 6. HP: 21/30 MP: 4/13
  5488 | D:4      | Found a stormy altar of Qazlal.
  6163 | D:4      | Found a glowing golden altar of the Shining One.
  6236 | D:4      | HP: 1/30 [orc priest/divine providence (14)]
  6550 | D:4      | Reached skill level 2 in Fighting
  6574 | D:4      | Killed from afar by an orc priest

Levels and vault maps discovered:
D:1:      saegor_arrival_simple_e, layout_loops_ring
D:2:      layout_rooms, first_ration
D:3:      layout_basic, gammafunk_ghost_mausoleum, minmay_vboxes, uniq_terence
D:4:      layout_basic, nicolae_qazlal_general_emergency, st_stairs_9,
          roderic_batcave, eino_tiny_chamber, chequers_serial_rivers_micro_e,
          nicolae_tso_swordbearing_angel
D:5:      layout_loops_corners

Skill      XL: |  1  2  3  4  5  6 |
---------------+-------------------+-----
Spellcasting   | 3 4 |  4.4
Hexes          | 4 |  4.9
Fighting       | 1 2 |  2.0
Short Blades   | 2 3 |  3.2
Stealth        | 5 |  5.9
Slings         | 1 |  1.7
Dodging        | |  3.0

Action                   |  1- 3 |  4- 6 || total
-------------------------+-------+-------++-------
Melee: Dagger            |   158 |   286 ||   444
 Cast: Corona            |    11 |     5 ||    16
       Confuse           |    11 |    29 ||    40
  Use: Potion            |     5 |     2 ||     7
       Scroll            |     4 |       ||     4
 Stab: Sleeping          |    15 |     3 ||    18
       Confused          |     5 |    13 ||    18
       Distracted        |     1 |     1 ||     2
  Eat: Ration            |       |     4 ||     4
Armor: Robe              |    11 |    11 ||    22
Dodge: Dodged            |   106 |   195 ||   301
